 Dungeon Crawl Stone Soup version 0.27-a0-899-ge2d0b17c59 (webtiles) character file.

Game seed: 17859434351192798268

1362 robertstho the Thaumaturge (level 8, -4/40 (42) HPs)
             Began as a Deep Elf Earth Elementalist on Apr 5, 2021.
             Was a Follower of Sif Muna.
             Slain by a gnoll
             ... wielding a +2 flail of draining
              (6 damage)
             ... on level 5 of the Dungeon.
             The game lasted 00:10:24 (5147 turns).

robertstho the Thaumaturge (DEEE)                   Turns: 5147, Time: 00:10:25

HP:   -4/40 (42)    AC:  4    Str:  5    XL:     8   Next: 37%
MP:   2/22          EV: 14    Int: 23    God:    Sif Muna [*.....]
Gold: 176           SH:  0    Dex: 21    Spells: 5/24 levels left

rFire    . . .     SeeInvis .   p - +3 rapier
rCold    . . .     Faith    .   (no shield)
rNeg     . . .     Spirit   .   c - +0 robe
rPois    .         Reflect  .   l - +0 helmet
rElec    .         Harm     .   (no cloak)
rCorr    .         Rampage  .   i - +0 pair of gloves
Will     .....                  (no boots)
Stlth    +++.......             f - amulet of regeneration
HPRegen  1.13/turn              u - +6 ring of dexterity
MPRegen  0.18/turn              (no ring)

@: about to teleport, lightly drained
A: no striking features
a: Renounce Religion, Channel Magic


You were on level 5 of the Dungeon.
You worshipped Sif Muna.
Sif Muna was aware of your devotion.
You visited 2 branches of the dungeon, and saw 6 of its levels.

You collected 176 gold pieces.

Inventory:

Hand Weapons
 d - a +0 dagger
 p - a +3 rapier (weapon)
Missiles
 b - 258 stones
 s - 3 throwing nets
Armour
 c - a +0 robe (worn)
 i - a +0 pair of gloves (worn)
 l - a +0 helmet (worn)
Jewellery
 f - an amulet of regeneration (around neck)
 u - a +6 ring of dexterity (left hand)
Wands
 v - a wand of flame (10)
Scrolls
 a - a scroll of vulnerability {unknown}
 g - 2 scrolls of amnesia {unknown}
 j - a scroll of enchant weapon {unknown}
 n - a scroll of noise {unknown}
 o - a scroll of torment {unknown}
 q - 2 scrolls of enchant armour {unknown}
 r - 4 scrolls of identify
 t - a scroll of blinking {unknown}
 w - a scroll of immolation {unknown}
Potions
 h - a potion of lignification
 k - 2 potions of attraction
 m - a potion of haste


   Skills:
 + Level 0.8 Fighting
 + Level 2.6 Short Blades
 + Level 3.4 Dodging
 + Level 3.4 Stealth
 * Level 8.7 Spellcasting
 + Level 1.3 Conjurations
 * Level 4.1 Transmutations
 * Level 6.3 Earth Magic
 * Level 2.3 Invocations


You had 5 spell levels left.
You knew the following spells:

 Your Spells              Type           Power      Damage    Failure   Level
a - Sandblast             Erth           78%        2d17      1%          1
b - Passwall              Tmut/Erth      28%        N/A       1%          2
c - Stone Arrow           Conj/Erth      54%        3d10      4%          3
d - Petrify               Tmut/Erth      34%        N/A       8%          4
e - Lee's Rapid Deconstr  Erth           19%        3d12*     13%         5
f - Leda's Liquefaction   Hex/Erth       12%        N/A       17%         4

Your spell library contained the following spells:

 Spells                   Type           Power      Damage    Failure   Level
 Corona                   Hex            11%        N/A       6%          1
 Summon Small Mammal      Summ           40%        N/A       6%          1
 Call Imp                 Summ           10%        N/A       10%         2
 Slow                     Hex            10%        N/A       10%         2
 Call Canine Familiar     Summ           10%        N/A       19%         3
 Inner Flame              Hex/Fire       10%        N/A       19%         3
 Portal Projectile        Hex/Tloc       20%        N/A       19%         3
 Summon Guardian Golem    Hex/Summ       10%        N/A       19%         3
 Cause Fear               Hex            5%         N/A       54%         4
 Summon Ice Beast         Ice/Summ       10%        N/A       54%         4
 Summon Lightning Spire   Summ/Air       10%        N/A       54%         4
 Yara's Violent Unravell  Hex/Tmut       9%         3d6       58%         5
 Silence                  Hex/Air        5%         N/A       87%         5
 Discord                  Hex            5%         N/A       100%        8


Dungeon Overview and Level Annotations

Branches:
Dungeon (5/15)             Temple (1/1) D:5

Altars:
Cheibriados
Dithmenos
Elyvilon
Gozag
Nemelex Xobeh
Okawaru
Ru
Sif Muna
Uskayaw
Vehumet
Wu Jian
Xom
Zin
The Shining One

Shops:
D:3 [


Message History

Aim: a gnoll sergeant, wielding a +0 spear and wearing a +0 scale mail (almost dead, 13% to evade)
The blast of sand hits the gnoll sergeant.
The gnoll sergeant is almost dead.
The gnoll shaman calls upon its god to heal the gnoll sergeant.
The gnoll sergeant is healed somewhat.
The gnoll shaman calls upon its god to speed up the gnoll shaman.
The gnoll shaman seems to speed up.
A gnoll comes into view. It is wielding a +0 halberd.
The gnoll sergeant closely misses you.
Casting: Sandblast (safe; 1% risk of failure)
Confirm with . or Enter, or press ? or * to list all spells.
Aiming: Sandblast (safe; 1% risk of failure)
Press: ? - help, Shift-Dir - straight line, f/p - gnoll sergeant
Aim: a gnoll sergeant, wielding a +0 spear and wearing a +0 scale mail (severely wounded, 13% to evade)
The blast of sand hits the gnoll sergeant.
The gnoll sergeant is almost dead.
The gnoll sergeant barely misses you.
The gnoll shaman calls upon its god to heal the gnoll sergeant.
The gnoll sergeant is healed somewhat.
The gnoll shaman calls upon its god to speed up the gnoll.
The gnoll seems to speed up.
As you read the scroll labelled LYJEBL DOAHA, it crumbles to dust.
You feel strangely unstable.
It was a scroll of teleportation.
The gnoll shaman calls upon its god to heal the gnoll sergeant.
The gnoll sergeant is healed somewhat.
The gnoll sergeant hits you from afar with a +0 spear!
Your surroundings suddenly seem different.
A gnoll comes into view. It is wielding a +0 halberd.
A gnoll comes into view. It is wielding a +0 whip.
A gnoll comes into view. It is wielding a +0 spear.
A gnoll comes into view. It is wielding a +0 flail.
The gnoll closely misses you.
Unknown command.
As you read the scroll of teleportation, it crumbles to dust.
You feel strangely unstable.
The gnoll shouts!
You hear a shout!
The gnoll shouts!
The gnoll hits you with a +2 flail of draining!
* * * LOW HITPOINT WARNING * * *
You feel drained.
You die...

##############g##################
.................................
≈≈≈≈≈≈≈≈≈≈≈≈≈....≈≈≈≈≈≈≈≈≈≈≈≈≈≈≈≈
≈≈≈≈≈≈≈≈≈≈≈≈gg.gg≈≈≈≈≈≈≈≈≈≈≈≈≈≈≈≈
#≈≈≈≈≈≈≈≈≈≈≈≈..g.≈≈≈≈≈≈≈≈≈≈≈≈####
#.............g......).......#g.g
#############''''#############.g.
# ####....# #+## ...'...@+ #.
####..g.# #. ##g'## #. ...). #.
...g.gg #. .g..... #. .....g. #.
# #####'' #. # #+##


You could see a gnoll shaman and 10 gnolls.

Vanquished Creatures
  Eustachio (D:4)
  2 sky beasts
  2 ogres (D:5)
  2 phantoms (D:5)
  A scorpion (D:5)
  A water moccasin skeleton (D:4)
  A bullfrog zombie (D:5)
  4 jellies
  2 hounds
  Jessica (D:3)
  An orc wizard (D:3)
  3 hound skeletons (D:4)
  Robin (D:3)
  13 gnolls
  7 adders
  A white imp (D:5)
  A worm (D:2)
  9 orcs
  3 bats
  5 endoplasms
  5 giant cockroaches
  10 hobgoblins
  15 jackals
  8 kobolds
  2 quokkas (D:1)
  7 ball pythons
  4 frilled lizards
  13 goblins
  9 rats
134 creatures vanquished.

Vanquished Creatures (others)
  A plant (D:5)
1 creature vanquished.

Grand Total: 135 creatures vanquished

Notes
Turn   | Place    | Note
-------+----------+-------------------------------------------
     0 | D:1      | robertstho the Deep Elf Earth Elementalist began the quest
                  | for the Orb.
     0 | D:1      | Reached XP level 1. HP: 10/10 MP: 6/6
   214 | D:1      | Reached XP level 2. HP: 15/15 MP: 4/8
   444 | D:1      | Found a faded altar of an unknown god.
  1055 | D:1      | Reached XP level 3. HP: 19/19 MP: 10/10
  1181 | D:1      | Learned a level 2 spell: Passwall
  1185 | D:1      | Learned a level 3 spell: Stone Arrow
  1586 | D:2      | Reached skill level 4 in Spellcasting
  2134 | D:3      | Found Piryib's Antique Armour Emporium.
  2156 | D:3      | Noticed Robin
  2166 | D:3      | Reached XP level 4. HP: 23/24 MP: 6/12
  2187 | D:3      | Killed Robin
  2318 | D:3      | Noticed Jessica
  2321 | D:3      | Reached skill level 1 in Short Blades
  2321 | D:3      | Killed Jessica
  2517 | D:3      | Reached skill level 5 in Spellcasting
  2517 | D:3      | Reached XP level 5. HP: 28/28 MP: 9/14
  2829 | D:4      | Noticed Eustachio
  2836 | D:4      | Killed Eustachio
  2837 | D:4      | Reached skill level 5 in Earth Magic
  2837 | D:4      | Reached XP level 6. HP: 31/32 MP: 8/16
  3002 | D:4      | Reached skill level 6 in Spellcasting
  3103 | D:4      | Found a hide-covered altar of Uskayaw.
  3407 | D:4      | Noticed a sky beast
  3416 | D:4      | Killed a sky beast
  3417 | D:4      | Reached XP level 7. HP: 22/37 MP: 6/19
  3517 | D:4      | Reached skill level 7 in Spellcasting
  3842 | D:5      | Entered Level 5 of the Dungeon
  3848 | D:5      | Found a staircase to the Ecumenical Temple.
  3871 | Temple   | Entered the Ecumenical Temple
  3957 | Temple   | Became a worshipper of Sif Muna the Loreminder
  4171 | D:5      | Reached skill level 1 in Invocations
  4367 | D:5      | Reached skill level 1 in Conjurations
  4367 | D:5      | Reached XP level 8. HP: 42/42 MP: 14/21
  4371 | D:5      | Reached skill level 8 in Spellcasting
  4853 | D:5      | Learned a level 4 spell: Petrify
  4859 | D:5      | Learned a level 5 spell: Lee's Rapid Deconstruction
  4864 | D:5      | Learned a level 4 spell: Leda's Liquefaction
  4866 | D:5      | Reached * piety under Sif Muna
  5147 | D:5      | HP: 2/42 [gnoll/+2 flail of draining (15)]
  5147 | D:5      | Slain by a gnoll

Illustrated notes

Levels and vault maps discovered:
D:1:      roderic_crop_circles_arrival_small, layout_basic,
          basic_ecumenical_altar, minmay_split_cup_large
D:2:      layout_basic
D:3:      layout_basic, serial_shops, nicolae_shop_crystal, uniq_jessica,
          uniq_robin
D:4:      layout_loops_ring, amcnicky_altar_gilded, kennysheep_generic_room_2,
          uniq_eustachio
D:5:      lemuel_castle_with_subvaults [lemuel_castle_interior_original],
          layout_basic, minmay_temple_entry_statues_pillars
Temple:   minmay_crystal_snake_temple

Skill      XL: |  1  2  3  4  5  6  7  8 |
---------------+-------------------------+-----
Earth Magic    | 4 5 6 |  6.3
Spellcasting   | 4 5 6 7 8 |  8.7
Transmutations | 2 3 4 |  4.1
Short Blades   | 1 2 |  2.6
Dodging        | 3 |  3.4
Stealth        | 3 |  3.4
Invocations    | 1 2 |  2.3
Conjurations   | 1 |  1.3
Fighting       | |  0.8

Action                   |  1- 3 |  4- 6 |  7- 9 || total
-------------------------+-------+-------+-------++-------
Melee: Dagger            |    47 |    19 |       ||    66
       Unarmed           |     1 |       |       ||     1
       Rapier            |       |    47 |    16 ||    63
 Cast: Sandblast         |    55 |    54 |    18 ||   127
       Stone Arrow       |       |     4 |    49 ||    53
       Lee's Rapid Decon |       |       |     2 ||     2
  Use: Scroll            |     3 |     1 |     2 ||     6
       Potion            |       |     1 |       ||     1
 Stab: Sleeping          |     5 |       |     2 ||     7
       Distracted        |     1 |       |       ||     1
Armor: Robe              |    19 |    13 |     4 ||    36
Dodge: Dodged            |    46 |    52 |    17 ||   115

Table legend: (Time is in decaauts)
 A = Elapsed time spent in this place.
 B = Non-inter-level travel time spent in this place.
 C = Inter-level travel time spent in this place.
 D = Time resting spent in this place.
 E = Time spent auto-exploring this place.
 F = Levels seen in this place.
 G = Mean time per level.
                   A        B        C        D        E       F      G
               +--------+--------+--------+--------+--------+-----+--------+
         Total |   5160 |   4827 |    333 |    293 |   3754 |   6 |  860.0 |
       Dungeon |   4958 |   4676 |    282 |    214 |   3687 |   5 |  991.6 |
        Temple |    201 |    150 |     51 |     79 |     67 |   1 |  201.0 |
               +--------+--------+--------+--------+--------+-----+--------+

Top non-repeatable levels by time:
     D:1: 1208 daAuts
     D:4: 1062 daAuts
     D:5: 924 daAuts
     D:3: 916 daAuts
     D:2: 847 daAuts
  Temple: 201 daAuts
